 Dungeon Crawl Stone Soup version 0.29-a0-1008-g949cc1d0fb (webtiles) character file.

Game seed: 9207973853159822822

7107 rabbitsville the Nimble (level 10, 0/48 HPs)
             Began as a Felid Summoner on Aug 7, 2022.
             Was an Initiate of Gozag.
             Slain by a hornet (4 damage)
             ... on level 10 of the Dungeon.
             The game lasted 01:37:32 (14776 turns).

rabbitsville the Nimble (Felid Summoner)           Turns: 14776, Time: 01:37:32

Health: 0/48       AC:  2    Str:  4    XL:     10   Next: 84%
Magic:  22/23      EV: 25    Int: 20    God:    Gozag
Gold:   1895       SH:  0    Dex: 18    Spells: 12/25 levels left
                                        Lives:  0   Deaths: 3

rFire   . . .      SeeInvis +   (weapon unavailable)
rCold   + . .      Faith    .   (shield unavailable)
rNeg    . . .      Spirit   .   (body armour unavailable)
rPois   .          Reflect  .   (helmet unavailable)
rElec   .          Harm     .   (cloak unavailable)
rCorr   +          Rampage  .   (gloves unavailable)
Will    +....                   (boots unavailable)
Stlth   ++........              (no amulet)
HPRegen 0.16/turn               z - ring of resist corrosion
MPRegen 0.18/turn               B - ring of protection from cold

@: lethally poisoned (0 -> -1), about to teleport, quick
A: very small, claws 1, fangs 3, see invisible, speed 1, shaggy fur 2, stealthy
paws, no weapons or thrown items, no armour, multi-lived
a: Renounce Religion, Potion Petition, Call Merchant, Bribe Branch


You were on level 10 of the Dungeon.
You worshipped Gozag.
Gozag was most pleased with you.
You visited 2 branches of the dungeon, and saw 11 of its levels.
You also visited: Bailey.

You collected 2024 gold pieces.
You spent 104 gold pieces at shops.
You paid 25 gold pieces to Gozag.

Inventory:

Jewellery
 z - a ring of resist corrosion (left paw)
 B - a ring of protection from cold (right paw)
Wands
 t - a wand of charming (5)
 y - a wand of mindburst (5)
 C - a wand of digging (4)
 D - a wand of roots (12)
Scrolls
 d - 3 scrolls of poison
 f - 3 scrolls of vulnerability
 g - a scroll of teleportation
 h - 4 scrolls of fear
 i - a scroll of noise {unknown}
 m - a scroll of torment {unknown}
 r - 3 scrolls of immolation
 s - a scroll of silence {unknown}
 u - 3 scrolls of enchant armour
 v - 2 scrolls of blinking
 x - a scroll of magic mapping {unknown}
 A - 4 scrolls of fog
 E - a scroll of brand weapon {unknown}
Potions
 a - 3 potions of magic
 c - a potion of curing
 e - 3 potions of attraction
 j - 2 potions of flight
 k - a potion of lignification {unknown}
 l - 5 potions of might
 n - 2 potions of ambrosia {unknown}
 o - 2 potions of heal wounds {unknown}
 p - a potion of mutation {unknown}
 q - 3 potions of brilliance
 w - 2 potions of cancellation {unknown}


   Skills:
 + Level 7.8 Fighting
 + Level 10.7 Dodging
 - Level 2.6 Stealth
 + Level 8.0 Spellcasting
 - Level 5.0 Hexes
 + Level 9.4 Summonings
 + Level 6.3 Air Magic


You had 12 spell levels left.
You knew the following spells:

 Your Spells              Type           Power      Damage    Failure   Level
a - Summon Small Mammal   Summ           100%       N/A       1%          1
b - Call Imp              Summ           45%        N/A       1%          2
c - Call Canine Familiar  Summ           45%        N/A       1%          3
d - Summon Guardian Gole  Hex/Summ       36%        N/A       1%          3
e - Summon Lightning Spi  Summ/Air       39%        N/A       3%          4

Your spell library contained the following spells:

 Spells                   Type           Power      Damage    Failure   Level
 Swiftness                Air            33%        N/A       1%          3
 Shock                    Conj/Air       80%        1d8       2%          1
 Airstrike                Air            16%        2d(3-19)  6%          4
 Freeze                   Ice            32%        1d5       9%          1
 Sublimation of Blood     Necr           8%         N/A       13%         2
 Wereblood                Tmut           8%         N/A       13%         2
 Frozen Ramparts          Ice            16%        1d3       26%         3
 Gell's Gravitas          Tloc           8%         N/A       26%         3
 Lesser Beckoning         Tloc           8%         N/A       26%         3
 Teleport Other           Tloc           8%         N/A       26%         3
 Hailstorm                Conj/Ice       8%         3d4       63%         4
 Summon Hydra             Summ           22%        N/A       83%         7


Dungeon Overview and Level Annotations

Branches:
Dungeon (10/15)            Temple (1/1) D:7            Lair (0/5) D:8
 Bailey (visited)
    Orc: D:9-12

Altars:
Ashenzari
Cheibriados
Dithmenos
Elyvilon
Fedhas
Gozag
Hepliaklqana
Kikubaaqudgha
Makhleb
Nemelex Xobeh
Okawaru
Qazlal
Ru
Sif Muna
Trog
Uskayaw
Vehumet
Wu Jian
Xom
Yredelemnul
Zin
The Shining One

Shops:
D:4 ?

Portals:
Trove: D:10 (give 2 scrolls of acquirement)


Innate Abilities, Weirdness & Mutations

You have sharp claws.
You have razor-sharp teeth.
You have supernaturally acute eyesight. (SInv)
You cover ground quickly. (Speed+)
You are covered in thick fur. (AC +2)
Your paws help you pounce on unaware monsters.
You are incapable of wielding weapons or throwing items.
You cannot wear armour.
You gain extra lives every three experience levels.


Message History

Found 21 gold pieces.
Found 3 stones.
You now have 1895 gold pieces (gained 21).
There is an open door here.
You open the door.
There is an open door here.
You see here a +0 robe.
A hornet comes into view.
You open the door.
A hornet is nearby!
A guardian golem appears, shielding your allies.
The hornet buzzes angrily.
The hornet barely misses you.
There is an open door here.
You swap places.
The hornet barely misses you.
A troll comes into view.
The troll shouts!
The hornet barely misses you.
You swap places.
The hornet stings you!
You are poisoned.
You feel yourself slow down.
You feel very sick. The hornet misses you. The hornet stings you.
You feel as though you will be slow longer.
There is an open door, spattered with blood here.
You feel very sick.
You feel yourself speed up.
You feel sick. The hornet stings you!
* * * LOW HITPOINT WARNING * * *
You feel yourself slow down.
As you read the scroll of teleportation, it crumbles to dust.
You feel strangely unstable.
You feel sick. The hornet barely misses you. The hornet misses you. x2
You feel yourself speed up.
You feel sick.
You feel sick.
A vampire comes into view.
The hornet stings you.
You die...
Your body crumbles into a pile of gold.

#..#######.#####
................
................
...#####........ . ##.#
#...###.. .. #.# #...# . ...
#.# #...## .... #.#
#....####+###### ..... #.#
#....+...@y9.T.##...... #.#
#...##.#.^.#.#..V......
#.#####...##.#._.#[####......
##.........##.#...#.####......
............'.......'.........
............####'####.......##
##...)......# #.#..######..#
#..........# #....#
#.....<...## ###..#


You could see a troll, a hornet (ally target), a vampire and a friendly guardian
golem (summoned).

Vanquished Creatures
  An orc wizard (D:6)
  An adder (D:4)
  An orc (D:3)
  An endoplasm (D:3)
  2 goblins
  A quokka (D:1)
  A spectral goblin (D:1)
8 creatures vanquished.

Vanquished Creatures (collateral kills)
  Psyche (D:8)
  An unseen horror (D:9)
  2 kobold demonologists (D:9)
  A wraith (D:8)
  4 spriggans (Bailey)
  2 wyverns (D:8)
  Grum (D:9)
  6 yaks
  3 water moccasins (D:8)
  A sky beast (D:8)
  An orc warrior (D:9)
  2 black bears
  3 wolves (D:9)
  3 ogres
  A phantom (D:6)
  3 kobold brigands (D:9)
  4 bullfrogs
  2 scorpions
  3 wights (D:7)
  A killer bee (D:8)
  5 howler monkeys
  4 orc priests
  2 jellies
  Ijyb (D:5)
  5 orc wizards
  3 gnolls (D:3)
  9 adders
  2 shadow imps
  A white imp (D:6)
  An ufetubus (D:5)
  A worm (D:4)
  A dart slug (D:1)
  31 orcs
  3 bats
  12 endoplasms
  2 giant cockroaches
  10 goblins
  8 hobgoblins
  3 jackals (D:2)
  4 quokkas
  5 ball pythons
  A frilled lizard (D:1)
  6 kobolds
  9 rats
174 creatures vanquished.

Vanquished Creatures (others)
  A two-headed ogre (Bailey)
  A wizard (D:6)
  2 trolls (D:9)
  A spriggan (Bailey)
  A wyvern (D:8)
  11 yaks
  An acid dragon (Bailey)
  4 water moccasins
  3 orc warriors
  An ice beast (D:4)
  An ogre (Bailey)
  A wolf (D:9)
  A kobold brigand (D:7)
  A bullfrog (D:8)
  A necrophage (D:3)
  5 wights
  5 killer bees (D:10)
  2 orc priests (D:7)
  4 orcs
  2 kobolds (D:7)
  5 bushes (D:8)
  A demonic plant (D:3)
  5 fungi (D:8)
  24 plants
84 creatures vanquished.

Grand Total: 266 creatures vanquished

Notes
Turn   | Place    | Note
-------+----------+-------------------------------------------
     0 | D:1      | rabbitsville the Felid Summoner began the quest for the
                  | Orb.
     0 | D:1      | Reached XP level 1. HP: 7/7 MP: 4/4
   213 | D:1      | Found a faded altar of an unknown god.
   434 | D:1      | Reached XP level 2. HP: 3/11 MP: 4/6
   691 | D:1      | Learned a level 2 spell: Call Imp
  1346 | D:1      | Reached XP level 3. HP: 14/14 MP: 5/8
  1352 | D:1      | Learned a level 3 spell: Call Canine Familiar
  2512 | D:2      | Reached XP level 4. HP: 18/18 MP: 9/9
  2545 | D:2      | Learned a level 3 spell: Summon Guardian Golem
  2570 | D:2      | Found an opulent altar of Gozag.
  2578 | D:2      | Became a worshipper of Gozag Ym Sagoz the Greedy
  2835 | D:3      | Found a burning altar of Makhleb.
  3062 | D:3      | Noticed a necrophage
  3149 | D:3      | Reached skill level 3 in Dodging
  3149 | D:3      | Reached skill level 1 in Hexes
  3149 | D:3      | Reached skill level 5 in Summonings
  3315 | D:3      | Reached XP level 5. HP: 21/21 MP: 11/11
  3359 | D:3      | Upgraded the game from 0.29-a0-1006-g0dd7720b37 to
                  | 0.29-a0-1008-g949cc1d0fb
  3371 | D:3      | Reached skill level 1 in Fighting
  3544 | D:3      | Found an opulent altar of Gozag.
  4070 | D:3      | Gained mutation: You are covered in thick fur. (AC +2)
                  | [Felid growth]
  4070 | D:3      | Reached XP level 6. HP: 26/26 MP: 12/12
  4129 | D:4      | Found Wackial's Magic Scroll Shoppe.
  4158 | D:4      | Reached skill level 4 in Dodging
  4166 | D:4      | Bought a scroll of blinking for 82 gold pieces
  4166 | D:4      | Bought a scroll of identify for 22 gold pieces
  4182 | D:4      | Found a shimmering blue altar of Sif Muna.
  4773 | D:4      | Found a hide-covered altar of Uskayaw.
  5125 | D:5      | Entered Level 5 of the Dungeon
  5128 | D:5      | Noticed an ice beast
  5240 | D:4      | Killed an ice beast
  5241 | D:4      | Reached XP level 7. HP: 30/30 MP: 3/14
  5547 | D:5      | Found a sacrificial altar of Ru.
  5795 | D:5      | Noticed Ijyb
  5811 | D:5      | Blown up by Ijyb
  5812 | D:5      | Reached XP level 6. HP: -3/27 MP: 12/13
  5863 | D:5      | Killed Ijyb
  6087 | D:5      | Reached skill level 5 in Dodging
  6272 | D:6      | Found an ancient bone altar of Kikubaaqudgha.
  6300 | D:6      | Noticed an orc warrior
  6331 | D:6      | Killed an orc warrior
  6332 | D:6      | Reached XP level 7. HP: 31/31 MP: 8/14
  6584 | D:6      | Reached skill level 5 in Hexes
  6910 | D:6      | Found a bloodstained altar of Trog.
  6939 | D:6      | Noticed a wizard
  6945 | D:6      | Killed a wizard
  7345 | D:6      | Reached skill level 1 in Air Magic
  7930 | D:7      | Reached skill level 6 in Dodging
  7930 | D:7      | Reached skill level 5 in Spellcasting
  7930 | D:7      | Reached XP level 8. HP: 36/36 MP: 13/16
  8521 | D:7      | Found a staircase to the Ecumenical Temple.
  8600 | Temple   | Entered the Ecumenical Temple
  9217 | D:7      | Found a hazy altar of Hepliaklqana.
  9584 | D:7      | Reached skill level 7 in Dodging
  9585 | D:7      | Reached skill level 5 in Fighting
  9585 | D:7      | Reached XP level 9. HP: 40/40 MP: 15/18
  9751 | D:7      | Learned a level 4 spell: Summon Lightning Spire
 10990 | D:8      | Found a staircase to the Lair.
 11052 | D:8      | Reached skill level 8 in Dodging
 11226 | D:8      | Found a stormy altar of Qazlal.
 11550 | D:8      | Reached XP level 10. HP: 45/45 MP: 10/20
 11579 | D:8      | Found a flagged portal.
 11588 | Bailey   | Entered a bailey
 11806 | Bailey   | Slain by a spriggan
 11807 | Bailey   | Reached XP level 9. HP: -5/42 MP: 13/20
 11826 | Bailey   | Mangled by a gnoll
 11827 | Bailey   | Reached XP level 8. HP: -6/39 MP: 16/19
 11831 | Bailey   | Noticed a two-headed ogre
 11856 | Bailey   | Reached skill level 9 in Dodging
 11856 | Bailey   | Killed a two-headed ogre
 11857 | Bailey   | Reached skill level 5 in Air Magic
 11866 | Bailey   | Reached XP level 9. HP: 11/42 MP: 12/20
 12284 | D:8      | Noticed Psyche
 12298 | D:8      | Killed Psyche
 12594 | D:8      | Reached skill level 10 in Dodging
 12603 | D:8      | Reached XP level 10. HP: 47/47 MP: 12/22
 12995 | D:9      | Noticed Grum
 12996 | D:9      | Noticed an eight-headed hydra
 13217 | D:9      | Noticed an orange demon
 13240 | D:9      | Noticed a smoke demon
 13617 | D:9      | Killed Grum
 13735 | D:9      | Found a basalt altar of Yredelemnul.
 14116 | D:9      | Found a broken altar of Ashenzari.
 14424 | D:9      | Found the +7 Throatcutter {drain, coup de grace}
 14581 | D:10     | Entered Level 10 of the Dungeon
 14694 | D:10     | Found a portal to a secret trove of treasure.
 14730 | D:10     | Found a snail-covered altar of Cheibriados.
 14776 | D:10     | Slain by a hornet

Illustrated notes

Levels and vault maps discovered:
D:1:      shiori_shiawase, layout_loops_ring,
          dreamdust_ecumenical_altar_drowned_temple, minmay_tetromino_o4
D:2:      layout_loops_cross, basic_altar, dk_noncrumbling_3
D:3:      layout_rooms, grunt_gozag_statues, mainiacjoe_overflow_brackets,
          st_stairs_2, dreamdust_princess_corridor
D:4:      layout_loops_ring, lemuel_crystal_altar,
          mainiacjoe_overflow_boulevard, serial_shops, shop, fountainhead
D:5:      layout_cave_pods, mainiacjoe_overflow_surrounded_room, uniq_ijyb
D:6:      layout_loops_corners, trog_wizard, mainiacjoe_overflow_alcove_4
D:7:      layout_basic, old_standard_altar, minmay_temple_entry_gardened_gates,
          minmay_crystal_room, minmay_fountain_box, grunt_decor_one_mirror
D:8:      minmay_distorted_concentric_squares, layout_gridville,
          nicolae_qazlal_scattered_showers, minmay_lair_entry_grove,
          enter_bailey_2, nicolae_underground_beach, uniq_psyche
D:9:      layout_roguey, lemuel_doored_altar, nicolae_overflow_crystal_walls,
          dilly_guarded_unrand_throatcut, uniq_grum
D:10:     layout_small_grid, mainiacjoe_overflow_six_doors_small,
          nicolae_trove_entry_diagonal
Temple:   hellmonk_temple_beads

Skill      XL: |  1  2  3  4  5  6  7  8  9 10 |
---------------+-------------------------------+-----
Spellcasting   | 3 4 5 7 6 8 |  8.0
Dodging        | 3 5 6 9 10 | 10.7
Hexes          | 1 2 4 5 |  5.0
Summonings     | 5 6 7 8 9 |  9.4
Fighting       | 1 3 5 7 |  7.8
Air Magic      | 1 5 4 6 |  6.3
Stealth        | |  2.6

Action                   |  1- 3 |  4- 6 |  7- 9 | 10-12 || total
-------------------------+-------+-------+-------+-------++-------
Melee: Unarmed           |    19 |    21 |    11 |     7 ||    58
       Bite              |       |     3 |     2 |     1 ||     6
 Cast: Summon Small Mamm |    28 |     3 |     2 |       ||    33
       Call Imp          |    14 |    16 |    18 |     7 ||    55
       Call Canine Famil |     7 |    28 |    59 |    13 ||   107
       Summon Guardian G |       |    11 |    40 |    26 ||    77
       Summon Lightning  |       |       |    13 |    11 ||    24
Evoke: Wand              |       |       |     2 |     4 ||     6
  Use: Scroll            |       |     3 |    10 |     6 ||    19
       Potion            |       |       |     1 |       ||     1
 Stab: Distracted        |       |     1 |       |       ||     1
Armor: Skin              |     4 |       |     2 |     1 ||     7
Dodge: Dodged            |    18 |    15 |    74 |    70 ||   177

Table legend: (Time is in decaauts)
 A = Elapsed time spent in this place.
 B = Non-inter-level travel time spent in this place.
 C = Inter-level travel time spent in this place.
 D = Time resting spent in this place.
 E = Time spent auto-exploring this place.
 F = Levels seen in this place.
 G = Mean time per level.
                   A        B        C        D        E       F      G
               +--------+--------+--------+--------+--------+-----+--------+
         Total |  13136 |  12572 |    564 |    901 |   7184 |  12 | 1094.7 |
       Dungeon |  12434 |  11878 |    556 |    654 |   7042 |  10 | 1243.4 |
        Temple |     90 |     82 |      8 |      0 |     72 |   1 |   90.0 |
        Bailey |    611 |    611 |      0 |    247 |     69 |   1 |  611.0 |
               +--------+--------+--------+--------+--------+-----+--------+

Top non-repeatable levels by time:
     D:7: 2347 daAuts
     D:6: 1908 daAuts
     D:1: 1653 daAuts
     D:3: 1360 daAuts
     D:9: 1247 daAuts
     D:8: 1226 daAuts
     D:4: 888 daAuts
     D:2: 834 daAuts
     D:5: 802 daAuts
  Bailey: 611 daAuts
    D:10: 165 daAuts
  Temple: 90 daAuts
